AoeStats
← :)

Arena

509761928Analyzed
4v4 RM · 6d ago on Sep 27, 2026· 48m 35s· 8 players
Game mode
Random Map
Map size
Large (8 player)
Population
200
Speed
Normal
Resources
Standard
Victory
Conquest
Starting age
Dark Age
Ending age
Imperial Age
RankedLock teamsTeams togetherTeam positionsShared explorationLock speedFull tech treeHidden civsTurbo modeCheats
Victory
Defeat
🇨🇦 Varangians · Canada
1371
+15
🇨🇱 Spanish · Chile
1338
+17
🇨🇱 Danes · Chile
1326
+17
🇦🇷 Khmer · Argentina
1279
+20
🇺🇸 Dravidians · United States
1369
-18
🇬🇧 Varangians · United Kingdom
1346
-17
🇨🇦 Italians · Canada
1345
-17
🇲🇽 Mongols · Mexico
1342
-17
Nobody
10:28 Feudal Age
12:03 Horse Collar
14:50 Castle Age
12:48 Double-Bit Axe
18:11 Bow Saw
18:54 Wheelbarrow
19:34 Town Watch
23:50 Gold Mining
25:21 Heavy Plow
26:19 Hand Cart
30:12 Imperial Age
27:58 Hand Cart
28:11 Scale Barding Armor
28:43 Gold Shaft Mining
28:15 Loom
28:50 Forging
29:39 Chain Barding Armor
29:12 Stone Mining
30:44 Iron Casting
30:33 Town Patrol
29:58 Light Cavalry
30:48 Bloodlines
30:38 Husbandry
31:17 Conscription
30:28 Onager
31:34 Bloodlines
31:26 Husbandry
31:14 Hussar
33:07 Blast Furnace
31:54 Heavy Camel Rider
34:34 Siege Onager
Men Call Me Gladiator
10:10 Feudal Age
14:18 Castle Age
12:24 Stone Mining
12:23 Double-Bit Axe
13:28 Stone Mining
14:53 Loom
23:02 Gold Mining
23:27 Horse Collar
25:49 Fletching
30:30 Bow Saw
30:21 Heavy Plow
30:45 Bodkin Arrow
32:30 Wheelbarrow
32:08 Town Watch
36:55 Imperial Age
34:41 Hand Cart
34:43 Padded Archer Armor
35:57 Medical Corps
36:05 Thumb Ring
37:50 Bracer
38:05 Leather Archer Armor
38:49 Ballistics
38:21 Elite Elephant Archer
40:26 Town Watch
41:31 Leather Archer Armor
41:30 Man-at-Arms
41:56 Gambesons
42:17 Scale Mail Armor
42:27 Forging
42:48 Ring Archer Armor
43:40 Chemistry
42:50 Masonry
42:47 Squires
43:23 Long Swordsman
43:49 Arson
44:43 Town Patrol
45:23 Husbandry
44:48 Two-Handed Swordsman
45:26 Light Cavalry
45:36 Champion
47:10 Chain Mail Armor
47:24 Conscription
48:29 Wootz Steel
48:53 Guard Tower
EigenVector
9:50 Feudal Age
14:27 Castle Age
12:41 Double-Bit Axe
12:40 Horse Collar
16:12 Bow Saw
23:01 Fletching
23:56 Bodkin Arrow
26:06 Wheelbarrow
29:15 Imperial Age
26:53 Padded Archer Armor
27:15 Ballistics
26:53 Loom
27:37 Thumb Ring
27:57 Scale Barding Armor
28:22 Forging
28:50 Leather Archer Armor
29:45 Chain Barding Armor
28:48 Light Cavalry
29:29 Husbandry
29:51 Hand Cart
31:02 Chemistry
30:18 Bloodlines
30:50 Conscription
32:51 Bracer
34:45 Plate Barding Armor
35:48 Iron Casting
35:12 Hussar
36:27 Ring Archer Armor
38:34 Blast Furnace
38:32 Pirotechnia
ryocallan
9:23 Feudal Age
13:09 Castle Age
11:30 Double-Bit Axe
11:37 Horse Collar
20:16 Wheelbarrow
20:36 Bow Saw
22:15 Loom
22:55 Hand Cart
24:00 Town Watch
29:10 Imperial Age
26:23 Treadmill Crane
28:53 Forging
30:14 Scale Barding Armor
30:24 Bloodlines
30:14 Husbandry
31:15 Chain Barding Armor
35:52 Iron Casting
39:05 Elite Jarl
39:29 Elite Varangian Guard
41:11 Blast Furnace
40:48 Plate Barding Armor
41:14 Blast Furnace
40:15 Scale Mail Armor
41:17 Squires
41:03 Arson
45:05 Chain Mail Armor
46:27 Plate Mail Armor
47:33 Gothikon
koppzer
10:06 Feudal Age
14:13 Castle Age
12:48 Horse Collar
13:27 Double-Bit Axe
15:26 Bow Saw
21:31 Loom
22:21 Wheelbarrow
21:48 Stone Mining
21:55 Stone Mining
22:33 Gold Mining
23:27 Stone Shaft Mining
28:20 Imperial Age
26:51 Hand Cart
26:45 Heavy Plow
28:19 Scale Barding Armor
28:47 Forging
29:26 Husbandry
28:47 Cavalier
30:10 Chain Barding Armor
30:36 Bloodlines
31:15 Crop Rotation
32:06 Plate Barding Armor
32:57 Pikeman
33:38 Squires
33:23 Gambesons
33:40 Scale Mail Armor
33:39 Arson
34:30 Iron Casting
35:24 Conscription
34:26 Vendel Legacy
34:53 Halberdier
35:42 Town Watch
36:39 Ballistics
37:20 Chemistry
37:39 Caravan
38:38 Coinage
38:23 Guilds
39:51 Chain Mail Armor
40:37 Blast Furnace
40:16 Light Cavalry
44:20 Banking
47:17 Plate Mail Armor
The Geo
9:16 Loom
11:31 Feudal Age
13:40 Loom
16:56 Castle Age
15:42 Loom
16:02 Horse Collar
16:07 Double-Bit Axe
18:33 Wheelbarrow
20:25 Bow Saw
23:17 Padded Archer Armor
23:15 Gold Mining
28:41 Leather Archer Armor
30:59 Heavy Plow
33:39 Imperial Age
32:45 Stone Mining
34:51 Devotion
35:58 Chemistry
36:26 Ring Archer Armor
36:40 Town Watch
36:50 Pikeman
37:34 Scale Mail Armor
38:02 Conscription
40:27 Fletching
41:33 Block Printing
41:26 Bodkin Arrow
41:28 Elite Skirmisher
44:06 Inquisition
47:27 Thumb Ring
47:25 Bracer
:)
11:59 Feudal Age
14:52 Castle Age
12:49 Double-Bit Axe
12:45 Horse Collar
13:45 Gold Mining
16:51 Wheelbarrow
17:52 Bow Saw
19:44 Heavy Plow
23:02 Gold Shaft Mining
22:15 Loom
22:16 Town Watch
23:08 Hand Cart
28:12 Imperial Age
28:00 Padded Archer Armor
27:51 Fletching
29:33 Ballistics
30:58 Chemistry
29:56 Heavy Scorpion
30:49 Bodkin Arrow
31:10 Leather Archer Armor
31:00 Double Crossbow
31:33 Capped Ram
32:52 Bracer
32:28 Siege Ram
33:35 Siege Engineers
41:19 Ring Archer Armor
41:06 Husbandry
41:16 Bloodlines
40:27 Light Cavalry
41:35 Conscription
41:49 Scale Barding Armor
41:55 Forging
42:13 Hussar
44:22 Chain Barding Armor
44:37 Iron Casting
46:58 Plate Barding Armor
49:53 Blast Furnace
Pipenho
9:51 Feudal Age
14:03 Castle Age
12:03 Horse Collar
12:51 Double-Bit Axe
20:39 Gold Mining
20:50 Scale Mail Armor
22:28 Wheelbarrow
21:46 Town Watch
23:20 Gold Shaft Mining
22:52 Stone Mining
23:40 Loom
26:30 Hand Cart
29:05 Imperial Age
27:07 Chain Mail Armor
28:02 Forging
28:18 Hand Cart
28:46 Squires
28:32 Gambesons
28:32 Arson
30:10 Iron Casting
30:48 Plate Mail Armor
30:43 Conscription
33:37 Blast Furnace
32:00 Elite Jomsviking
32:04 Hamask
33:06 Bow Saw
32:57 Heavy Plow
33:33 Stone Shaft Mining
32:50 Capped Ram
35:52 Siege Ram
41:14 Heavy Scorpion
43:08 Ballistics
43:49 Chemistry
43:51 Northmen's Fury
46:09 Fletching
Connection lost

Rejoining the realm…

Still unreachable

The connection could not be restored.

Session expired

The server has moved on; the page needs a fresh start.